 Dungeon Crawl Stone Soup version 0.28.0-53-g5a82cb258f (webtiles) character file.

Game seed: 10369988702493273560

4000 darkspear the Basher (level 10, -7/86 HPs)
             Began as a Minotaur Fighter on Aug 12, 2022.
             Was a Follower of Okawaru.
             Mangled by an orc warrior
             ... wielding a +0 glaive
              (10 damage)
             ... on level 8 of the Dungeon.
             The game lasted 00:22:28 (10594 turns).

darkspear the Basher (Minotaur Fighter)            Turns: 10594, Time: 00:22:28

Health: -7/86      AC: 21    Str: 14 (24) XL:     10   Next: 3%
Magic:  9/9        EV:  5    Int: -6 (5)  God:    Okawaru [*.....]
Gold:   255        SH:  4    Dex:  2 (11) Spells: 9/9 levels left

rFire   . . .      SeeInvis .   a - +0 flail
rCold   . . .      Faith    .   c - +0 buckler
rNeg    . . .      Spirit   .   d - +0 plate armour
rPois   +          Reflect  .   (helmet restricted)
rElec   .          Harm     .   t - +1 cloak {rPois}
rCorr   .          Rampage  .   k - +1 pair of gloves
Will    .....                   r - +0 pair of boots
Stlth   ..........              (no amulet)
HPRegen 0.24/turn               (no ring)
MPRegen 0.11/turn               (no ring)

@: slowed, lost intelligence, studying Long Blades, unable to read, very slow
A: horns 2, retaliatory headbutt
a: Renounce Religion, Heroism


You were on level 8 of the Dungeon.
You worshipped Okawaru.
Okawaru was aware of your devotion.
You visited 1 branch of the dungeon, and saw 8 of its levels.

You collected 374 gold pieces.
You spent 119 gold pieces at shops.

Inventory:

Hand Weapons
 a - a +0 flail (weapon)
Armour
 c - a +0 buckler (worn)
 d - a +0 plate armour (worn)
 k - a +1 pair of gloves (worn)
 r - a +0 pair of boots (worn)
 t - a +1 cloak of poison resistance (worn)
Wands
 e - a wand of flame (14)
 p - a wand of acid (2)
 x - a wand of mindburst (23) (quivered)
Scrolls
 h - a scroll of amnesia
 i - 3 scrolls of fog
 m - 2 scrolls of identify
 n - 3 scrolls of immolation
 s - a scroll of teleportation
Potions
 f - a potion of cancellation
 g - 2 potions of heal wounds
 j - 2 potions of brilliance {unknown}
 l - a potion of curing
 o - a potion of degeneration {unknown}
 q - a potion of attraction {unknown}
 u - a potion of berserk rage {unknown}
 v - 4 potions of flight {unknown}
 w - a potion of invisibility {unknown}


   Skills:
 + Level 7.6 Fighting
 + Level 10.4 Maces & Flails
 + Level 10.4 Armour
 + Level 3.3 Dodging
 + Level 7.3 Shields
 + Level 0.2 Invocations
 + Level 0.8 Evocations


You had 9 spell levels left.
You didn't know any spells.
Your spell library contained the following spells:

 Spells                   Type           Power      Damage    Failure   Level
 Apportation              Tloc           0%         N/A       100%        1
 Magic Dart               Conj           0%         1d3       100%        1
 Ensorcelled Hibernation  Hex/Ice        0%         N/A       100%        2
 Mephitic Cloud           Conj/Pois/Air  0%         N/A       100%        3
 Spider Form              Tmut/Pois      0%         N/A       100%        3
 Anguish                  Hex/Necr       0%         N/A       100%        4
 Alistair's Intoxication  Tmut/Pois      0%         N/A       100%        5
 Blade Hands              Tmut           0%         N/A       100%        5
 Irradiate                Conj/Tmut      0%         3d13      100%        5
 Dragon Form              Tmut           0%         N/A       100%        7
 Call Imp                 Summ           Unusable   N/A       N/A         2

Dungeon Overview and Level Annotations

Branches:
Dungeon (8/15)             Temple (0/1) D:6
   Lair: D:8-11

Altars:
Ashenzari
Cheibriados
Okawaru

Shops:
D:4 ([(   D:5 (*   D:6 *


Innate Abilities, Weirdness & Mutations

You have a pair of horns on your head.
You reflexively headbutt those who attack you in melee.


Message History

The orc warrior hits you with a +0 glaive.
* * * LOW HITPOINT WARNING * * *
Something hits you but does no damage. The orc hits you but does no damage.
You hear some strange, mumbled words.
You are confused.
The orc warrior hits you but does no damage.
Something hits you.
* * * LOW HITPOINT WARNING * * *
The orc warrior hits you but does no damage.
Something hits you but does no damage.
The orc warrior hits you from afar with a +0 glaive.
* * * LOW HITPOINT WARNING * * *
Something hits you but does no damage.
You feel better.
The orc warrior hits you but does no damage.
Something hits you.
* * * LOW HITPOINT WARNING * * *
You hear some strange, mumbled words.
A magic dart appears from out of thin air!
The magic dart hits you!
* * * LOW HITPOINT WARNING * * *
The orc warrior barely misses you. Something hits you but does no damage.
You sock something! Okawaru accepts your kill.
Reactivating autopickup.
You feel a bit more experienced. The orc hits you but does no damage.
You hear some strange, mumbled words.
Deactivating autopickup; reactivate with Ctrl-A.
Something tries to affect you, but you resist.
The orc warrior hits you but does no damage.
You thump something! Your headbutt misses something.
You block the orc's attack. Something hits you but does no damage.
The orc warrior hits you from afar with a +0 glaive!
* * * LOW HITPOINT WARNING * * *
The orc barely misses you.
You hit something. Something hits you but does no damage.
The orc warrior barely misses you. You block the orc's attack.
You block something's attack.
The orc warrior hits you from afar with a +0 glaive!
You die...

. . .. .. ..# ... .$.
....##.#
....#######....#.......#
...............#.....#.
......o........#.#.....
##o########.#...##
#{@)..#..........#
#...........##..#
#........./.....#
##..#........)..#
#####..........#
#.......).<..#
##.......#.).#
###....###.## #...## ###


You could see an orc warrior and an orc.

Vanquished Creatures
  Pikel (D:7)
  Grinder (D:6)
  Prince Ribbit (D:7)
  Menkaure (D:6)
  Duvessa (D:7)
  2 water moccasins (D:6)
  4 orc warriors
  A sky beast (D:6)
  2 necrophages (D:5)
  3 ogres
  A phantom (D:5)
  A centaur (D:7)
  3 scorpions
  A water moccasin skeleton (D:7)
  5 killer bees (D:6)
  Dowan (D:7)
  4 wights
  3 centaur skeletons (D:7)
  2 hounds
  3 orc priests
  A bullfrog skeleton (D:6)
  2 iguanas
  7 orc wizards
  A scorpion zombie (D:5)
  2 hound skeletons (D:4)
  A howler monkey skeleton (D:7)
  3 gnolls (D:3)
  11 adders
  A shadow imp (D:5)
  A white imp (D:5)
  A worm (D:2)
  3 adder skeletons
  2 dart slugs
  20 orcs
  10 ball pythons
  6 bats
  11 endoplasms
  3 giant cockroaches
  9 goblins
  6 hobgoblins
  7 jackals
  2 quokkas (D:2)
  3 frilled lizards (D:1)
  3 kobolds
  5 rats
162 creatures vanquished.

Vanquished Creatures (collateral kills)
  A wyvern skeleton (D:6)
  3 wights (D:6)
  An orc priest (D:6)
5 creatures vanquished.

Grand Total: 167 creatures vanquished

Notes
Turn   | Place    | Note
-------+----------+-------------------------------------------
     0 | D:1      | darkspear the Minotaur Fighter began the quest for the Orb.
     0 | D:1      | Reached XP level 1. HP: 19/19 MP: 0/0
   203 | D:1      | Reached XP level 2. HP: 25/27 MP: 1/1
  1439 | D:2      | Reached XP level 3. HP: 33/33 MP: 2/2
  1728 | D:2      | Reached XP level 4. HP: 34/40 MP: 3/3
  2079 | D:3      | Identified the +5 dagger of the Valley {vorpal, Fly rElec
                  | rF- Dex+5}
  2222 | D:3      | Reached skill level 1 in Dodging
  2279 | D:3      | Reached XP level 5. HP: 10/46 MP: 4/4
  2731 | D:3      | Found a faded altar of an unknown god.
  2745 | D:3      | Prayed at the altar of an unknown god.
  2745 | D:3      | Became a worshipper of Cheibriados the Contemplative
  2745 | D:3      | Reached * piety under Cheibriados
  3415 | D:4      | Found Pywauf's Weapon Shoppe.
  3422 | D:4      | Reached skill level 5 in Maces & Flails
  3426 | D:4      | Found Liucoar's Antique Armour Boutique.
  3450 | D:4      | Noticed an ogre
  3458 | D:4      | Killed an ogre
  3459 | D:4      | Reached skill level 5 in Armour
  3459 | D:4      | Reached XP level 6. HP: 11/53 MP: 5/5
  3882 | D:4      | Reached ** piety under Cheibriados
  3993 | D:4      | Noticed an orc warrior
  4019 | D:4      | Killed an orc warrior
  4312 | D:4      | Reached XP level 7. HP: 29/60 MP: 6/6
  4313 | D:4      | Reached skill level 5 in Fighting
  4568 | D:4      | Reached skill level 5 in Shields
  4589 | D:4      | Found Tesuefit's Weapon Emporium.
  4787 | D:5      | Entered Level 5 of the Dungeon
  5047 | D:5      | Found Penlygg's Assorted Antiques.
  5266 | D:5      | Found Lyecogy's Firing Range.
  5842 | D:5      | Reached *** piety under Cheibriados
  5864 | D:5      | Reached XP level 8. HP: 69/69 MP: 7/7
  6211 | D:6      | Noticed Grinder
  6239 | D:6      | Killed Grinder
  6390 | D:6      | HP: 2/68 [wyvern skeleton (3)]
  6755 | D:6      | Noticed Menkaure
  6762 | D:6      | Killed Menkaure
  7205 | D:6      | Found Pon Enla's Serpentskin Sales.
  7215 | D:6      | Reached XP level 9. HP: 57/78 MP: 8/8
  7495 | D:6      | Bought a +0 cloak of poison resistance for 119 gold pieces
  7561 | D:6      | Found an iron altar of Okawaru.
  7562 | D:6      | Found a broken altar of Ashenzari.
  7567 | D:6      | Fell from the grace of Cheibriados
  7567 | D:6      | Became a worshipper of Warmaster Okawaru
  7611 | D:6      | Found a staircase to the Ecumenical Temple.
  8667 | D:7      | Noticed Prince Ribbit
  8715 | D:7      | Killed Prince Ribbit
  8715 | D:7      | Reached * piety under Okawaru
  8958 | D:7      | Noticed Pikel
  8975 | D:7      | Killed Pikel
  8976 | D:7      | Reached skill level 10 in Maces & Flails
  9171 | D:7      | Reached skill level 10 in Armour
  9585 | D:7      | Noticed Duvessa
  9586 | D:7      | Noticed Dowan
  9599 | D:7      | Killed Duvessa
  9599 | D:7      | Reached ** piety under Okawaru
  9617 | D:7      | Killed Dowan
  9843 | D:7      | Lost intelligence.
 10148 | D:8      | Reached XP level 10. HP: 48/86 MP: 9/9
 10593 | D:8      | HP: 3/86 [orc warrior/+0 glaive (11)]
 10594 | D:8      | Mangled by an orc warrior

Illustrated notes

Levels and vault maps discovered:
D:1:      ncdulo_wetmaze, layout_loops_ring
D:2:      layout_rooms, hangedman_decor_lopped, chequers_serial_rivers_micro_b,
          minmay_pentomino_z2
D:3:      layout_loops_ring, chequers_ecumenical_altar_island,
          minmay_misc_feat_doors
D:4:      layout_basic, serial_shops, nicolae_shop_behind_doors,
          nicolae_stop_n_shop_1, nicolae_stop_n_shop_1, st_stairs_12,
          hangedman_decor_slide_cut, minmay_manual_mail
D:5:      layout_loops_ring, serial_shops, shop, nicolae_shop_firing_range
D:6:      layout_rooms, mainiacjoe_overflow_divided_tiny,
          minmay_temple_entry_mist, guppyfry_shop_venom, uniq_menkaure,
          uniq_grinder
D:7:      layout_layer_cave, uniq_prince_ribbit1, uniq_pikel, uniq_duvessa
D:8:      lemuel_insect_pit, layout_cave_pools, amcnicky_mini_pool_medium

Skill      XL: |  1  2  3  4  5  6  7  8  9 |
---------------+----------------------------+-----
Shields        | 4 5 6 7 |  7.3
Fighting       | 4 5 6 7 |  7.6
Armour         | 4 5 6 8 10 | 10.4
Maces & Flails | 3 4 5 6 7 9 10 | 10.4
Dodging        | 1 2 3 |  3.3
Invocations    | |  0.2
Evocations     | |  0.8

Action                   |  1- 3 |  4- 6 |  7- 9 | 10-12 || total
-------------------------+-------+-------+-------+-------++-------
Melee: Flail             |    81 |   129 |   249 |    30 ||   489
       Headbutt          |    10 |    15 |    43 |     5 ||    73
Invok: Heroism           |       |       |     2 |       ||     2
Evoke: Wand              |       |       |     8 |       ||     8
  Use: Scroll            |     2 |     3 |     6 |       ||    11
       Potion            |     1 |     1 |     2 |     2 ||     6
Armor: Scale mail        |    56 |    54 |       |       ||   110
       Plate armour      |       |     9 |   278 |    31 ||   318
Dodge: Dodged            |    58 |    63 |   136 |    12 ||   269
Block: Buckler           |    18 |    28 |   109 |    11 ||   166
